 Dungeon Crawl Stone Soup version 0.22-a0-605-g9281fa2 (webtiles) character file.

2 Amnesiac the Magician (level 1, -2/11 HPs)
             Began as a Deep Elf Transmuter on July 8, 2018.
             Slain by a hobgoblin (4 damage)
             ... on level 1 of the Dungeon.
             The game lasted 00:00:24 (113 turns).

Amnesiac the Magician (Deep Elf Transmuter)          Turns: 113, Time: 00:00:25

Health: -2/11      AC:  2    Str:  7    XL:     1   Next: 33%
Magic:  6/6        EV: 13    Int: 17    God:
Gold:   32         SH:  0    Dex: 15    Spells: 5/6 levels left

rFire    . . .     SeeInvis .     - Unarmed
rCold    . . .     Gourm    .   (no shield)
rNeg     . . .     Faith    .   b - +0 robe
rPois    .         Spirit   .   (no helmet)
rElec    .         Reflect  .   (no cloak)
rCorr    .         Harm     .   (no gloves)
MR       .....                  (no boots)
Stlth    +.........             (no amulet)
HPRegen  0.03/turn              (no ring)
MPRegen  0.10/turn              (no ring)

@: appendage
A: horns 2
a: End Transformation


You were on level 1 of the Dungeon.
You were not hungry.
You had grown temporary horns.
You visited 1 branch of the dungeon, and saw 2 of its levels.

You collected 32 gold pieces.

Inventory:

Missiles
 a - 42 arrows
Armour
 b - a +0 robe (worn)
Scrolls
 c - a scroll of blinking {!r, unknown}
 e - a scroll of remove curse {!r, unknown}
 f - a scroll of fog {!r, unknown}
Comestibles
 d - a ration


   Skills:
 + Level 0.8 Fighting
 + Level 2.5 Dodging
 + Level 2.4 Unarmed Combat
 + Level 3.0 Spellcasting
 + Level 2.2 Transmutations


You had 5 spell levels left.
You knew the following spells:

 Your Spells              Type           Power        Failure   Level  Hunger
e - Beastly Appendage     Tmut           ##....       7%          1    None

Your spell library contained the following spells:

 Spells                   Type           Power        Failure   Level  Hunger
 Spider Form              Tmut/Pois      #.........   32%         3    ###....
 Blade Hands              Tmut           ##........   88%         5    ######.
 Ice Form                 Ice/Tmut       #.......     73%         4    ####...
 Sticks to Snakes         Tmut           ##......     11%         2    ##.....


Dungeon Overview and Level Annotations

Branches:
Dungeon (2/15)

Altars:


Innate Abilities, Weirdness & Mutations

You have a pair of horns on your head.


Message History

The kobold closely misses you.
You hit the kobold.
You kill the kobold!
No target in view!
No target in view!
Things that are here:
a dagger; 2 stones; a kobold corpse Your transformation is almost over.
You now have 8 gold pieces.
Found 14 stones.
e - a scroll labeled NAMESMUCUR {!r}
Found 20 sling bullets.
You now have 18 gold pieces (gained 10).
Your talons disappear.
a - 27 arrows (gained 15)
a - 42 arrows (gained 15)
f - a scroll labeled RARITOORAEF {!r} You now have 32 gold pieces (gained 14).
A kobold comes into view. It is wielding a short sword.
The kobold shouts!
A kobold is nearby!
A kobold is nearby!
Casting: Beastly Appendage (safe; 7% risk of failure)
Confirm with . or Enter, or press ? or * to list all spells.
You grow a pair of large bovine horns.
You closely miss the kobold. The kobold closely misses you.
You hit the kobold but do no damage.
You kill the kobold!
You see here a short sword.
Your transformation is almost over.
Your horns disappear.
A hobgoblin comes into view.
A hobgoblin is nearby!
A hobgoblin is nearby!
Casting: Beastly Appendage (safe; 7% risk of failure)
Confirm with . or Enter, or press ? or * to list all spells.
You grow a pair of large bovine horns.
The hobgoblin shouts!
Found three items.
You hit the hobgoblin but do no damage. The hobgoblin hits you.
You hit the hobgoblin.
The hobgoblin is severely wounded.
The hobgoblin hits you.
* * * LOW HITPOINT WARNING * * *
You hit the hobgoblin but do no damage.
The hobgoblin is severely wounded.
The hobgoblin hits you.
* * * LOW HITPOINT WARNING * * *
You closely miss the hobgoblin.
The hobgoblin is heavily wounded.
The hobgoblin barely misses you.
You hit the hobgoblin.
The hobgoblin is almost dead.
The hobgoblin barely misses you.
You hit the hobgoblin but do no damage.
The hobgoblin is almost dead.
The hobgoblin completely misses you.
You barely miss the hobgoblin.
The hobgoblin is severely wounded.
The hobgoblin misses you.
You hit the hobgoblin but do no damage.
The hobgoblin is severely wounded.
The hobgoblin hits you.
You die...

......
#######
...... #.
#.....#
#.....# ..
#..⌠..#
#.?.... .#
#.....#
..?....##.#
#..⌠..#
.....$..#.#
#.....#
......g...##
#..⌠..#
#@...#
#.....#
##..#..#
####'##
#...#
#######...#
#.#.#
#...##...#
#.#..#
#.<.''.>.#
#.##.#
#...##...#
#.##.#
######...#
##.##.#
#...#
#..##.#
##.##


You could see a hobgoblin.

Vanquished Creatures
  2 kobolds (D:1)
2 creatures vanquished.

Notes
Turn   | Place    | Note
-------+----------+-------------------------------------------
     0 | D:1      | Amnesiac the Deep Elf Transmuter began the quest for the Orb.
     0 | D:1      | Reached XP level 1. HP: 11/11 MP: 6/6
   113 | D:1      | Slain by a hobgoblin

Vault maps used:
D:1:      dpeg_arrival_simpleton_b, st_stairs_14
D:2:      kennysheep_slug_shrine, minmay_pentomino_u2, uniq_sigmund

Action                   || total
-------------------------++-------
Melee: Unarmed           ||    12
       Headbutt          ||     1
 Cast: Beastly Appendage ||     4
Dodge: Dodged            ||     6

Table legend:
 A = Spawn XP
 B = Non-spawn XP
 C = Spawn XP percentage of total XP
 D = Spawn monster count
 E = Non-spawn monster count
 F = Spawn count percentage of total count
 G = Total turns spent on level
                    A         B        C        D         E        F      G
               +---------+---------+-------+---------+---------+-------+---------
         Total |       0 |       4 |   0.0 |       0 |       2 |   0.0 |   113
               +---------+---------+-------+---------+---------+-------+---------
           D:1 |       0 |       4 |   0.0 |       0 |       2 |   0.0 |   104
               +---------+---------+-------+---------+---------+-------+---------
